 Dungeon Crawl Stone Soup version 0.22-a0-135-g6f012ad (webtiles) character file.

189 KristoblXynda the Insei (level 5, 0/33 HPs)
             Began as an Octopode Transmuter on Jan 31, 2018.
             Was a Follower of Yredelemnul.
             Slain by an orc
             ... wielding a +0 mace
              (9 damage)
             ... on level 3 of the Dungeon.
             The game lasted 00:04:38 (2174 turns).

KristoblXynda the Insei (Octopode Transmuter)       Turns: 2174, Time: 00:04:39

Health: 0/33       AC:  4    Str:  7 (10) XL:     5   Next: 68%
Magic:  6/8        EV: 21    Int: 16      God:    Yredelemnul [*.....]
Gold:   63         SH:  0    Dex: 19      Spells: 4/8 levels left

rFire    . . .     SeeInvis .     - Unarmed
rCold    . . .     Gourm    +   (shield currently unavailable)
rNeg     . . .     Faith    .   (helmet currently unavailable)
rPois    x         Spirit   .   l - amulet of the gourmand
rElec    .         Reflect  .   e - +2 ring of dexterity
rCorr    .         Harm     .   h - +2 ring of protection
MR       .....                  (no ring)
Stlth    ++........             (no ring)
HPRegen  0.11/turn              (no ring)
MPRegen  0.11/turn              (no ring)
                                (no ring)
                                (no ring)

@: spider-form (expiring)
A: tiny, almost no armour, stealthy swim, (amphibious), 8 rings, (constrict 8)
a: End Transformation, Animate Remains, Renounce Religion


You were on level 3 of the Dungeon.
You worshipped Yredelemnul.
Yredelemnul was aware of your devotion.
You were very full.
You were a venomous arachnid creature.
You visited 1 branch of the dungeon, and saw 3 of its levels.

You collected 63 gold pieces.

Inventory:

Armour
 d - a +0 buckler
Jewellery
 e - a +2 ring of dexterity (left front leg)
 h - a +2 ring of protection (right front leg)
 l - an amulet of the gourmand (around neck)
Scrolls
 i - a scroll of magic mapping {unknown}
 j - a scroll of remove curse {unknown}
Potions
 f - 2 potions of brilliance
Books
 b - a book of Changes

   Spells                             Type                      Level
   a - Beastly Appendage              Transmutation                1
   b - Sticks to Snakes               Transmutation                2
   c - Spider Form                    Transmutation/Poison         3
   d - Ice Form                       Ice/Transmutation            4
   e - Blade Hands                    Transmutation                5
Comestibles
 c - 3 rations


   Skills:
 - Level 1.0 Fighting
 + Level 3.3 Dodging
 * Level 4.8 Unarmed Combat
 - Level 2.0 Spellcasting
 + Level 3.2 Transmutations


You had 4 spell levels left.
You knew the following spells:

 Your Spells              Type           Power        Failure   Level  Hunger
a - Beastly Appendage     Tmut           ##....       16%         1    #......
b - Spider Form           Tmut/Pois      #.........   54%         3    ###....


Dungeon Overview and Level Annotations

Branches:
Dungeon (3/15)

Altars:
Sif Muna
Yredelemnul
The Shining One


Innate Abilities, Weirdness & Mutations

You cannot wear most types of armour.
You are very stealthy in the water. (Stealth+)
((You are amphibious.))
You can wear up to eight rings at the same time.
((You can use your tentacles to constrict eight enemies at once.))
((Your skin changes colour to match your surroundings (Stealth+).))
((Your rubbery body absorbs attacks. (AC +1, EV +1)))


Message History

You hit the orc wizard.
The orc wizard is severely wounded.
The orc completely misses you. x2; The orc wizard misses you.
You barely miss the orc.
The orc is lightly wounded.
The orc completely misses you. x2
The orc wizard casts a spell at you. The puff of flame hits you!
You bite the orc wizard!
You kill the orc wizard!
Yredelemnul accepts your kill. The orc barely misses you.
You hit the orc.
The orc is poisoned.
The orc is severely wounded.
The orc hits you with a mace.
* * * LOW HITPOINT WARNING * * *
The orc barely misses you. The orc hits you with a mace!
You die...
Your body rises from the dead as a mindless zombie.

.. #.................
..... #...>.#...........
.....##..#..............
........##..............
........<#..............
.........#..............
.........#...$..........
......[..#.)...........
.........s.o..........
........##o#)##......
........##.#.##......
....... #....o..o... ###
###....o.... #####.....
####


You could see 2 orcs.

Vanquished Creatures
  An orc wizard (D:3)
  Jessica (D:3)
  A hound skeleton (D:3)
  Robin (D:3)
  3 adders (D:2)
  2 worms (D:2)
  2 dart slugs (D:1)
  4 leopard geckos
  An orc (D:3)
  4 giant cockroaches
  20 goblins
  8 hobgoblins
  2 jackals
  9 bats
  3 frilled lizards
  2 kobolds
  4 rats
68 creatures vanquished.

Notes
Turn   | Place    | Note
-------+----------+-------------------------------------------
     0 | D:1      | KristoblXynda the Octopode Transmuter began the quest for the Orb.
     0 | D:1      | Reached XP level 1. HP: 13/13 MP: 3/3
   289 | D:1      | Reached XP level 2. HP: 18/18 MP: 5/5
   709 | D:1      | Reached XP level 3. HP: 23/23 MP: 6/6
   914 | D:2      | Found a basalt altar of Yredelemnul.
   925 | D:2      | Became a worshipper of Yredelemnul the Dark
  1008 | D:2      | Learned a level 3 spell: Spider Form
  1165 | D:2      | Found a glowing golden altar of the Shining One.
  1165 | D:2      | Found a deep blue altar of Sif Muna.
  1259 | D:2      | Reached skill level 4 in Unarmed Combat
  1259 | D:2      | Reached XP level 4. HP: 24/28 MP: 7/7
  1328 | D:2      | Reached * piety under Yredelemnul
  1829 | D:3      | Noticed Robin
  1830 | D:3      | Noticed Jessica
  1852 | D:3      | Reached XP level 5. HP: 15/33 MP: 1/8
  1857 | D:3      | Killed Robin
  1865 | D:3      | Killed Jessica
  2174 | D:3      | Slain by an orc

Vault maps used:
D:1:      mainiacjoe_arrival_reflecting_pool, grunt_decor_one_mirror
D:2:      gammafunk_temple_overflow_elements, yredelemnul_altar_generic
D:3:      uniq_robin, uniq_jessica

Skill      XL: |  1  2  3  4 |
---------------+-------------+-----
Unarmed Combat | 4 |  4.8
Dodging        | 3 |  3.3
Transmutations | 3 |  3.2
Fighting       | |  1.0
Spellcasting   | |  2.0

Action                   |  1- 3 |  4- 6 || total
-------------------------+-------+-------++-------
Melee: Unarmed           |    79 |    58 ||   137
       Constrict         |    25 |    10 ||    35
       Punch             |     4 |       ||     4
       Tentacles         |    16 |     5 ||    21
 Cast: Spider Form       |       |     2 ||     2
  Use: Scroll            |     2 |     1 ||     3
       Potion            |       |     3 ||     3
 Stab: Sleeping          |     7 |     2 ||     9
  Eat: Chunk             |    12 |     9 ||    21
Armor: Skin              |    17 |    16 ||    33
Dodge: Dodged            |    79 |    70 ||   149

Table legend:
 A = Spawn XP
 B = Non-spawn XP
 C = Spawn XP percentage of total XP
 D = Spawn monster count
 E = Non-spawn monster count
 F = Spawn count percentage of total count
 G = Total turns spent on level
                    A         B        C        D         E        F      G
               +---------+---------+-------+---------+---------+-------+---------
         Total |       0 |     271 |   0.0 |       0 |      68 |   0.0 |  2174
               +---------+---------+-------+---------+---------+-------+---------
           D:1 |       0 |      40 |   0.0 |       0 |      19 |   0.0 |   890
           D:2 |       0 |      90 |   0.0 |       0 |      29 |   0.0 |   922
           D:3 |       0 |     141 |   0.0 |       0 |      20 |   0.0 |   362
               +---------+---------+-------+---------+---------+-------+---------
